 Dungeon Crawl Stone Soup version bcrawl-1.39.1 (webtiles) character file.

Game seed: 13461614651257340473

10150486 Lazarus1551 the Eclecticist (level 18, -7/147 HPs)
             Began as an Oni Ice Elementalist on Oct 2, 2023.
             Was an Elder of Ashenzari.
             Mangled by a naga warrior
             ... wielding a +0 flail
              (14 damage)
             ... on level 2 of the Snake Pit.
             The game lasted 02:17:59 (27845 turns).

Lazarus1551 the Eclecticist (Oni Ice Elementalist) Turns: 27845, Time: 02:18:00

Health: -7/147     AC: 17    Str:  9    XL:     18   Next: 56%
Magic:  44/51      EV:  8    Int: 25    God:    Ashenzari [****..]
Gold:   2814       SH: 10    Dex: 17    Spells: 3/54 levels left

rFire    . . .     GDR:     37% a - staff of cold (curse)
rCold    + . .     SeeInvis +   u - +3 buckler {reflect} (curse)
rNeg     + + +     Gourm    .   B - +0 scale mail of Autumn {rN+++ MR- MP+9 Str-2}
rPois    +         Faith    .   A - +2 hat {MR+} (curse)
rElec    .         Spirit   .   f - +0 cloak
rCorr    .         Reflect  +   M - +2 pair of gloves {archery} (curse)
MR       +....     Clarity  +   N - +0 pair of boots
Stlth    +.........             n - amulet of the acrobat
HPRegen  0.34/turn              x - +5 ring of dexterity
MPRegen  0.32/turn              v - ring of poison resistance

@: about to teleport, very slightly contaminated, constricted, invisible
A: oni magic, claws 1, fangs 1, horns 1
}: 1/15 runes: decaying
a: Curse Item, Scrying, Renounce Religion


You were on level 2 of the Snake Pit.
You worshipped Ashenzari.
Ashenzari was greatly pleased with you.
You were not hungry.

You visited 7 branches of the dungeon, and saw 26 of its levels.
You visited the Abyss 1 time.
You also visited: Volcano.

You collected 3150 gold pieces.
You spent 336 gold pieces at shops.

Inventory:

Hand Weapons
 l - a +4 great sword
 C - the +3 glaive "Laaruw" {elec, rN+ Int+2}
   (You found it on level 6 of the Lair of Beasts)

   Occasionally, upon striking a foe, it will discharge some electrical energy
   and cause terrible harm.
   It affects your intelligence (+2).
   It protects you from negative energy.
Missiles
 r - 610 poisoned tomahawks (quivered)
 I - 29 javelins of penetration {=f}
 R - 497 javelins
Armour
 f - a +0 cloak (worn)
 u - a cursed +3 buckler of reflection (worn)
 A - a cursed +2 hat of magic resistance (worn)
 B - the +0 scale mail of Autumn (worn) {rN+++ MR- MP+9 Str-2}
   (You found it on level 4 of the Dungeon)

   It affects your strength (-2).
   It renders you almost immune to negative energy.
   It affects your resistance to hostile enchantments.
   It affects your magic capacity (+9).
 M - a cursed +2 pair of gloves of archery (worn)
 N - a +0 pair of boots (worn)
Magical Staves
 a - a cursed staff of cold (weapon)
Jewellery
 d - an uncursed ring of protection from fire
 n - an amulet of the acrobat (around neck)
 v - a ring of poison resistance (right hand)
 x - a +5 ring of dexterity (left hand)
 F - a +2 amulet of reflection
 J - an uncursed amulet of regeneration
 X - the ring "Kedia" {+Fly rPois MR- Slay+3}
   (You found it on level 3 of the Lair of Beasts)

   [ring of flight]

   It affects your accuracy and damage with ranged weapons and melee attacks
   (+3).
   It protects you from poison.
   It affects your resistance to hostile enchantments.
   It lets you fly.
Wands
 c - a wand of iceblast (13)
 H - a wand of scattershot (2)
 P - a wand of acid (10)
 T - a wand of digging (9)
Scrolls
 g - 8 scrolls of revelation
 h - 25 scrolls of remove curse
 i - a scroll of identify
 j - 3 scrolls of immolation
 m - 2 scrolls of fear
 o - 6 scrolls of enchant weapon
 w - 9 scrolls of teleportation
 y - 2 scrolls of fog
 z - a scroll of brand weapon
 G - 2 scrolls of amnesia
 O - 2 scrolls of vulnerability
 Q - 3 scrolls of silence
 V - a scroll of enchant armour
Potions
 b - a potion of cancellation
 k - 3 potions of ambrosia
 p - a potion of invisibility
 q - 9 potions of curing
 s - 10 potions of brilliance
 t - 5 potions of lignification
 D - 2 potions of mutation
 K - 6 potions of might
 L - 2 potions of flight
 S - 3 potions of resistance
 W - 3 potions of berserk rage
 Z - a potion of haste
Miscellaneous
 U - a fan of gales (2/2)
Comestibles
 e - 40 rations {!d}


   Skills:
 + Level 10.1(12.0) Fighting
   Level 0.3(2.1) Short Blades
 + Level 3.2(5.1) Long Blades
   Level 0.5(1.3) Maces & Flails
 + Level 2.5(4.2) Polearms
 + Level 5.6(7.8) Throwing
 + Level 9.9(11.9) Armour
 + Level 5.5(7.6) Dodging
 + Level 1.8(3.4) Stealth
 + Level 3.7(5.7) Shields
 + Level 1.3(2.6) Unarmed Combat
 * Level 18.8(20.5) Spellcasting
   Level 18.8(20.5) Conjurations
   Level 18.8(20.5) Hexes
   Level 18.8(20.5) Charms
   Level 18.8(20.5) Summonings
   Level 18.8(20.5) Necromancy
   Level 18.8(20.5) Translocations
   Level 18.8(20.5) Transmutations
   Level 18.8(20.5) Fire Magic
   Level 18.8(20.5) Ice Magic
   Level 18.8(20.5) Air Magic
   Level 18.8(20.5) Earth Magic
   Level 18.8(20.5) Poison Magic
 + Level 1.6(3.1) Evocations


You had 3 spell levels left.
You knew the following spells:

 Your Spells              Type           Power        Failure   Level  Hunger
a - Freeze                Ice            ######       0%          1    None
b - Throw Frost           Conj/Ice       ######       0%          2    None
c - Call Canine Familiar  Summ           #######.     0%          3    None
d - Ozocubu's Armour      Chrm/Ice       ########     0%          3    None
e - Throw Icicle          Conj/Ice       ########     1%          4    None
f - Summon Lightning Spi  Summ/Air       #######.     1%          5    None
g - Ensorcelled Hibernat  Hex/Ice        ######       0%          2    None
h - Bolt of Cold          Conj/Ice       ########..   1%          6    None
i - Invisibility          Hex            #######.     1%          6    None
j - Bolt of Fire          Conj/Fire      #######...   1%          6    None
k - Poison Arrow          Conj/Pois      #######...   1%          6    None
l - Ice Form              Ice/Tmut       ########     1%          4    None
m - False Image           Hex/Summ       #######.     0%          3    None

Your spell library contained the following spells:

 Spells                   Type           Power        Failure   Level  Hunger
 Summon Ice Beast         Ice/Summ       ########     1%          4    None
 Dispel Undead            Necr           #######.     1%          5    None


Dungeon Overview and Level Annotations

Branches:
Dungeon (12/12)            Temple (1/1) D:7            Lair (6/6) D:9
  Swamp (3/3) Lair:2        Snake (2/3) Lair:3        Slime (0/5) Orc
    Orc (1/1) D:9             Elf (0/3) Lair:6       Vaults (1/3) D:12
 Depths (0/5) D:12
  Crypt: Vaults:1-2

Altars:
Ashenzari
Cheibriados
Fedhas
Gozag
Hepliaklqana
Kikubaaqudgha
Lugonu
Nemelex Xobeh
Okawaru
Ru
Trog
Uskayaw
Wu Jian
Xom
Yredelemnul
Jiyva

Shops:
Orc !(}:

Annotations:
D:8 3 runed translucent doors
D:12 exclusions: downstairs and orange crystal statue
Snake:2 Louise


Innate Abilities, Weirdness & Mutations

You learn spells by gaining experience, not through books or religion.
You only train spellcasting to practice magic.
You have sharp fingernails.
You have very sharp teeth.
You have a pair of small horns on your head.


Message History

The naga warrior hits you but does no damage.
* * * LOW HITPOINT WARNING * * *
The naga warrior constricts you. The salamander barely misses you.
The anaconda bites you but does no damage.
Okay, then.
Attempting to read a scroll while constricted might waste it - continue anyway? [Y]es or [N]o only, please.
Attempting to read a scroll while constricted might waste it - continue anyway?
As you read the scroll of teleportation, it crumbles to dust.
You feel strangely unstable.
The guardian serpent hits you but does no damage.
You block the salamander's attack.
The salamander mystic hits you but does no damage.
Louise says, "Who do you take me for, some common mercenary?"
You block Louise's attack. You block the salamander's attack.
The anaconda bites you but does no damage.
The guardian serpent hits you!
* * * LOW HITPOINT WARNING * * *
The naga warrior hits you with a +0 flail!
You die...

#### ****
##..#########*** *
##............ ,, *
##.....N....... ,,
,** ##.....NS@......
, #......N@NNN.... ,
,, ,
##......NSNN..... , ,
,, ##....########....
, ###.....## ,... ,,
, ###........# ,,,.
,,, * ##..........#
*,. , ,, *
#...........#######..
, *
.....................
, ,
...###...............
, ,, ,


You could see Louise, a naga warrior, a salamander mystic, 4 salamanders, an
anaconda, a guardian serpent and 3 nagas.

Vanquished Creatures
  Gastronok (Orc)
  A wendigo (Swamp:3)
  Frances (Snake:1)
  2 thorn hunters
  A nagaraja (Snake:1)
  3 vault wardens (Vaults:1)
  A deep elf sorcerer (Vaults:1)
  Aizul (Snake:1)
  3 stone giants
  2 ironheart preservers (Vaults:1)
  A very ugly thing (Vaults:1)
  Urug (Lair:4)
  A fire dragon (Lair:6)
  Harold (Lair:4)
  2 rakshasas (Snake:1)
  2 vault guards
  4 shambling mangroves
  Fannar (Orc)
  19 hydras
  7 naga warriors
  Erolcha (D:10)
  Erica (D:8)
  13 alligators
  A catoblepas (Lair:6)
  7 anacondas (Snake:1)
  4 two-headed ogres
  A death yak (Lair:3)
  6 sea snakes (Snake:1)
  3 shock serpents
  A thrashing horror (Abyss:1)
  2 deep trolls
  2 naga sharpshooters (Snake:1)
  A wretched star (Abyss:1)
  4 centaur warriors
  A deep elf knight (Vaults:1)
  2 goliath frogs
  3 skeletal warriors (D:11)
  An ironheart convoker (Vaults:1)
  A wolf spider zombie (D:10)
  13 swamp dragons
  3 naga ritualists
  A wizard (D:12)
  3 lindwurms (Swamp:3)
  A cyclops (shapeshifter) (D:11)
  2 wolf spiders
  A deep elf mage (D:11)
  4 orc knights
  7 mana vipers
  2 ugly things (Vaults:1)
  3 salamanders
  An oklob plant (Lair:6)
  4 elephants
  A manticore (D:11)
  22 black mambas
  13 will-o'-wisps
  A torpor snail (shapeshifter) (D:12)
  6 naga magi
  2 torpor snails
  2 vault sentinels (Vaults:1)
  8 guardian serpents
  A komodo dragon (shapeshifter) (D:12)
  14 cane toads
  2 gargoyles (Volcano)
  2 efreet
  5 rime drakes
  7 komodo dragons
  A freezing wraith (Vaults:1)
  7 trolls
  4 tyrant leeches
  16 hornets
  18 slime creatures
  12 blink frogs
  4 bog bodies
  3 harpy skeletons
  2 dream sheep (Lair:6)
  4 hippogriffs
  A meliai zombie (D:11)
  3 starcursed masses (Abyss:1)
  8 wyverns (Lair:6)
  A ynoxinul (Abyss:1)
  9 yaks
  6 fire bats (Volcano)
  A black mamba skeleton (D:10)
  8 spriggans
  A basilisk (Lair:6)
  A steam dragon (Lair:6)
  A hungry ghost (D:6)
  3 fire elementals (Volcano)
  A yaktaur simulacrum (Vaults:1)
  2 redbacks (Lair:6)
  13 vampire mosquitoes
  Edmund (D:6)
  3 acid dragons
  11 swamp worms
  16 nagas
  15 crocodiles
  10 water moccasins
  10 porcupines
  22 orc warriors
  12 swamp drakes
  4 sky beasts
  2 ice beasts
  A large abomination (Abyss:1)
  A black bear (shapeshifter) (D:12)
  A black bear (D:7)
  A phantom (D:8)
  A necrophage (D:12)
  8 wolves
  5 ogres
  2 kobold brigands
  10 bullfrogs
  A gnoll sergeant (D:11)
  18 centaurs
  A wyvern skeleton (D:9)
  A wight (D:9)
  A howler monkey (D:4)
  11 orc priests
  7 electric eels (Snake:1)
  7 lava snakes (Volcano)
  13 crimson imps
  A hound (D:8)
  A gnoll shaman (D:4)
  2 jellies
  16 orc wizards
  6 iguanas
  6 worker ants
  A hound skeleton (D:9)
  7 gnolls
  8 adders
  2 shadow imps
  2 dart slugs
  2 leopard geckos
  59 orcs
  A goblin (D:1)
  4 hobgoblins
  2 jackals (D:1)
  5 bats
  2 frilled lizards
  13 kobolds
  2 rats (D:1)
709 creatures vanquished.

Vanquished Creatures (collateral kills)
  A nagaraja (Snake:1)
  Snorg (Lair:3)
  A shambling mangrove (Swamp:1)
  2 vault guards (Vaults:1)
  A hydra (Lair:3)
  A rakshasa (Vaults:1)
  An anaconda (Snake:2)
  A death yak (Lair:3)
  A shock serpent (Snake:1)
  A spriggan (Swamp:1)
  2 centaur warriors
  An ugly thing (Vaults:1)
  A wolf spider zombie (D:10)
  3 oklob plants (Lair:6)
  A mana viper (Snake:1)
  6 elephants
  A salamander (D:12)
  2 naga magi
  5 black mambas
  A vault sentinel (Vaults:1)
  3 cane toads
  A yaktaur (Vaults:1)
  A starcursed mass (Abyss:1)
  A komodo dragon (Lair:2)
  A tengu conjurer (D:11)
  A tyrant leech (Swamp:1)
  A bog body (Lair:2)
  5 dream sheep (Lair:6)
  4 slime creatures
  5 hornets
  5 blink frogs
  A meliai zombie (D:9)
  Grum (D:9)
  A vampire (D:10)
  A shadow (D:11)
  21 yaks
  2 wyverns (Lair:6)
  2 basilisks
  4 vampire mosquitoes
  2 hungry ghosts
  2 redbacks (Lair:6)
  A crocodile (D:9)
  2 small abominations (Abyss:1)
  2 large abominations (Abyss:1)
  2 water moccasins (Lair:6)
  2 black bears
  A phantom (D:6)
  A swamp drake (Lair:6)
  A hornet zombie (D:7)
  7 orc warriors
  A sky beast (D:9)
  2 wolves (Lair:6)
  4 ogres
  2 bullfrogs
  A kobold brigand (D:9)
  A water moccasin zombie (D:6)
  7 centaurs
  A scorpion (D:6)
  7 wights
  3 orc priests
  2 bullfrog skeletons
  2 gnoll shamans
  An iguana (Lair:6)
  2 orc wizards
  A worker ant (D:9)
  7 gnolls
  An adder zombie (D:5)
  25 orcs
  A frilled lizard (D:4)
  4 kobolds
  A quokka skeleton (D:4)
  A fungus (Lair:6)
  3 plants
198 creatures vanquished.

Vanquished Creatures (others)
  A wolf spider zombie (D:10)
  A centaur (D:12)
  14 fungi
  36 plants
52 creatures vanquished.

Grand Total: 959 creatures vanquished

Notes
Turn   | Place    | Note
-------+----------+-------------------------------------------
     0 | D:1      | Lazarus1551 the Oni Ice Elementalist began the quest for
                  | the Orb.
     0 | D:1      | Reached XP level 1. HP: 14/14 MP: 6/6
   161 | D:1      | Reached XP level 2. HP: 20/20 MP: 4/7
   209 | D:1      | Reached skill level 3 in Spellcasting
   303 | D:1      | Got a coiled silver amulet
   534 | D:2      | Reached XP level 3. HP: 18/26 MP: 6/9
   906 | D:2      | Identified the amulet "Yger" {Inacc rF- MR+ Dex+3} (You
                  | found it on level 1 of the Dungeon)
  1168 | D:3      | Found a shimmering altar of Xom.
  1216 | D:3      | Reached XP level 4. HP: 19/33 MP: 5/11
  1283 | D:3      | Learned a level 2 spell: Throw Frost
  1299 | D:3      | Reached skill level 1 in Fighting
  1299 | D:3      | Reached skill level 4 in Spellcasting
  1299 | D:3      | Reached XP level 5. HP: 24/40 MP: 0/13
  2233 | D:4      | Reached XP level 6. HP: 39/47 MP: 6/14
  2331 | D:3      | Learned a level 3 spell: Call Canine Familiar
  2357 | D:4      | Got a distressingly furry scale mail
  2384 | D:4      | Identified the +0 scale mail of Autumn {rN+++ MR- MP+9
                  | Str-2} (You found it on level 4 of the Dungeon)
  2483 | D:4      | Reached skill level 5 in Spellcasting
  2566 | D:4      | Reached XP level 7. HP: 53/53 MP: 13/16
  3023 | D:5      | Entered Level 5 of the Dungeon
  3053 | D:5      | Reached skill level 6 in Spellcasting
  3354 | D:5      | Reached skill level 1 in Armour
  3359 | D:5      | Reached XP level 8. HP: 21/61 MP: 13/19
  3711 | D:5      | Found an ancient bone altar of Kikubaaqudgha.
  3712 | D:5      | Found an opulent altar of Gozag.
  3712 | D:5      | Found a white marble altar of Elyvilon.
  3712 | D:5      | Found a hide-covered altar of Uskayaw.
  3967 | D:6      | Learned a level 3 spell: Ozocubu's Armour
  4232 | D:6      | Reached skill level 7 in Spellcasting
  4329 | D:6      | Reached skill level 1 in Throwing
  4397 | D:6      | Reached XP level 9. HP: 44/68 MP: 22/22
  4640 | D:6      | Noticed Edmund
  4651 | D:6      | Killed Edmund
  4863 | D:7      | Noticed a troll
  4872 | D:7      | Killed a troll
  4873 | D:7      | Reached skill level 8 in Spellcasting
  5100 | D:7      | Found an opulent altar of Gozag.
  5203 | D:7      | Found a staircase to the Ecumenical Temple.
  5225 | Temple   | Entered the Ecumenical Temple
  5282 | Temple   | Became a worshipper of Ashenzari the Shackled
  5283 | Temple   | Found the cursed amulet of Vision {SInv *Curse}
  5616 | D:7      | Reached XP level 10. HP: 77/77 MP: 23/24
  5834 | D:8      | Noticed Erica
  5849 | D:8      | Killed Erica
  5850 | D:8      | Reached skill level 9 in Spellcasting
  6204 | D:8      | Found a runed translucent gate.
  6204 | D:8      | Found a runed translucent gate.
  6204 | D:8      | Found a runed translucent gate.
  6204 | D:8      | Noticed a white ugly thing
  6204 | D:8      | Noticed a green ugly thing
  6205 | D:8      | Noticed a purple ugly thing
  6244 | D:8      | Noticed Grum
  6635 | D:9      | Reached skill level 1 in Long Blades
  6645 | D:9      | Reached skill level 5 in Armour
  6668 | D:9      | Killed Grum
  6687 | D:9      | Found a staircase to the Lair.
  6694 | D:9      | Reached XP level 11. HP: 56/84 MP: 4/26
  6698 | D:9      | Reached skill level 10 in Spellcasting
  6905 | D:9      | Learned a level 4 spell: Throw Icicle
  7138 | D:9      | Found a staircase to the Orcish Mines.
  7261 | D:9      | Reached * piety under Ashenzari
  7547 | D:10     | Entered Level 10 of the Dungeon
  7581 | D:10     | Noticed a two-headed ogre
  7585 | D:10     | Killed a two-headed ogre
  8322 | D:10     | Noticed Erolcha
  8333 | D:10     | Reached skill level 11 in Spellcasting
  8334 | D:10     | Cast into level 1 of the Abyss (Erolcha)
  8365 | Abyss:1  | Noticed a thrashing horror
  8372 | Abyss:1  | Killed a thrashing horror
  8413 | Abyss:1  | Noticed a starcursed mass
  8495 | Abyss:1  | Noticed a wretched star
  8517 | Abyss:1  | Killed a wretched star
  8518 | Abyss:1  | Reached XP level 12. HP: 64/92 MP: 14/29
  8576 | Abyss:1  | Noticed a starcursed mass
  8624 | Abyss:1  | Killed a starcursed mass
  8669 | Abyss:1  | Noticed a starcursed mass
  8670 | Abyss:1  | Noticed a balrug
  8673 | D:10     | Escaped the Abyss
  8680 | D:10     | Killed Erolcha
  8865 | D:10     | Noticed a two-headed ogre
  8868 | D:10     | Killed a two-headed ogre
  9044 | D:10     | Noticed a centaur warrior
  9057 | D:10     | Killed a centaur warrior
  9058 | D:10     | Reached skill level 5 in Fighting
  9132 | Lair:1   | Entered Level 1 of the Lair of Beasts
  9182 | Lair:1   | Reached skill level 12 in Spellcasting
  9390 | Lair:1   | Noticed a seven-headed hydra
  9395 | Lair:1   | Killed a seven-headed hydra
 10245 | Lair:2   | Reached ** piety under Ashenzari
 10410 | Lair:2   | Found a staircase to the Swamp.
 10484 | Lair:2   | Reached XP level 13. HP: 101/101 MP: 28/31
 10789 | Lair:3   | Noticed Snorg
 10879 | Lair:3   | Learned a level 5 spell: Summon Lightning Spire
 10885 | Lair:3   | Learned a level 2 spell: Ensorcelled Hibernation
 10895 | Lair:3   | Learned a level 5 spell: Dispel Undead
 10990 | Lair:3   | Reached skill level 13 in Spellcasting
 11095 | Lair:3   | Found a staircase to the Snake Pit.
 11122 | Lair:3   | Killed Snorg
 11244 | Lair:3   | Identified the ring "Kedia" {+Fly rPois MR- Slay+3}
 11889 | Lair:4   | Noticed Harold
 11910 | Lair:4   | Killed Harold
 12208 | Lair:4   | Noticed Urug
 12212 | Lair:4   | Killed Urug
 12941 | Lair:5   | Reached skill level 14 in Spellcasting
 13316 | Lair:5   | Reached *** piety under Ashenzari
 13633 | Lair:6   | Entered Level 6 of the Lair of Beasts
 13637 | Lair:6   | Reached XP level 14. HP: 74/110 MP: 31/34
 13668 | Lair:5   | Learned a level 6 spell: Invisibility
 14227 | Lair:6   | Got the glaive "Laaruw" {elec, rN+ Int+2}
 14229 | Lair:6   | Identified the +3 glaive "Laaruw" {elec, rN+ Int+2} (You
                  | found it on level 6 of the Lair of Beasts)
 14550 | Lair:6   | Found a staircase to the Elven Halls.
 14699 | Lair:6   | Identified the Guide on Translocation
 15124 | Lair:6   | Reached skill level 15 in Spellcasting
 15367 | Lair:6   | Reached skill level 1 in Polearms
 15474 | Lair:6   | Learned a level 6 spell: Bolt of Fire
 15707 | D:11     | Reached XP level 15. HP: 103/115 MP: 23/36
 16470 | D:12     | Entered Level 12 of the Dungeon
 17230 | D:12     | Found a gate to the Vaults.
 17450 | D:12     | Found a staircase to the Depths.
 17459 | D:12     | Reached skill level 1 in Shields
 18225 | Orc      | Entered the Orcish Mines
 18268 | Orc      | Found a roughly hewn altar of Beogh.
 18421 | Orc      | Noticed Fannar
 18426 | Orc      | Killed Fannar
 18479 | Orc      | Found a staircase to the Slime Pits.
 18480 | Orc      | Found a viscous altar of Jiyva.
 18484 | Orc      | Reached **** piety under Ashenzari
 18531 | Orc      | Noticed Gastronok
 18536 | Orc      | Killed Gastronok
 18571 | Orc      | Found a dark tunnel.
 18576 | Volcano  | Entered a volcano
 18755 | Volcano  | Reached skill level 16 in Spellcasting
 18811 | Volcano  | Found a radiant altar of Vehumet.
 18835 | Volcano  | Found a bloodstained altar of Trog.
 19665 | Orc      | Found Vynlawong's Gadget Shop.
 19665 | Orc      | Found Goz Jiept's Weapon Emporium.
 19667 | Orc      | Found Fasijefi's Distillery.
 19669 | Orc      | Found Tugav's Book Boutique.
 19676 | Orc      | Bought a potion of magic for 60 gold pieces
 19676 | Orc      | Bought a potion of might for 48 gold pieces
 19676 | Orc      | Bought a potion of might for 48 gold pieces
 19676 | Orc      | Bought a potion of heal wounds for 60 gold pieces
 19676 | Orc      | Bought a potion of heal wounds for 60 gold pieces
 19676 | Orc      | Bought a potion of heal wounds for 60 gold pieces
 19932 | Swamp:1  | Entered Level 1 of the Swamp
 19986 | Swamp:1  | Reached XP level 16. HP: 118/124 MP: 14/38
 20000 | Swamp:1  | Learned a level 6 spell: Poison Arrow
 20048 | Swamp:1  | Found a basalt altar of Yredelemnul.
 20625 | Swamp:1  | Noticed a thorn hunter
 20630 | Swamp:1  | Killed a thorn hunter
 21328 | Swamp:2  | Reached skill level 5 in Throwing
 21517 | Swamp:2  | Reached skill level 17 in Spellcasting
 22142 | Swamp:3  | Entered Level 3 of the Swamp
 22352 | Swamp:2  | Learned a level 4 spell: Ice Form
 22641 | Swamp:3  | Noticed a thorn hunter
 22646 | Swamp:3  | Killed a thorn hunter
 23147 | Swamp:1  | Reached XP level 17. HP: 86/130 MP: 4/40
 23987 | Swamp:3  | Noticed a wendigo
 23993 | Swamp:3  | Killed a wendigo
 24116 | Swamp:3  | Reached skill level 18 in Spellcasting
 24315 | Swamp:3  | Got a decaying rune of Zot
 24629 | Vaults:1 | Entered Level 1 of the Vaults
 25171 | Vaults:1 | Reached skill level 10 in Fighting
 25255 | D:12     | some packs of mobs at the entrance to vaults
 25293 | D:12     | Learned a level 3 spell: False Image
 25474 | Snake:1  | Entered Level 1 of the Snake Pit
 25775 | Snake:1  | Noticed Aizul
 25784 | Snake:1  | Killed Aizul
 26044 | Snake:1  | Reached skill level 1 in Evocations
 26093 | Snake:1  | Reached XP level 18. HP: 125/147 MP: 14/42
 26189 | Snake:1  | Learned a level 6 spell: Bolt of Cold
 26224 | Snake:1  | Noticed Frances
 26229 | Snake:1  | Killed Frances
 26230 | Snake:1  | Reached skill level 5 in Dodging
 27623 | Snake:2  | Reached skill level 1 in Unarmed Combat
 27839 | Snake:2  | Noticed Louise
 27842 | Snake:2  | HP: 6/147 [salamander/+0 spear (13)]
 27845 | Snake:2  | Mangled by a naga warrior

Skill      XL: |  1  2  3  4  5  6  7  8  9 10 11 12 13 14 15 16 17 18 |
---------------+-------------------------------------------------------+-----
Spellcasting   | 3 4 5 6 7 8 9 11 12 14 15 16 17 18 | 18.8
Dodging        | 2 3 4 5 |  5.5
Fighting       | 1 2 3 4 5 6 10 | 10.1
Armour         | 1 2 4 5 6 7 8 9 |  9.9
Throwing       | 1 2 3 4 5 |  5.6
Long Blades    | 2 3 |  3.2
Polearms       | 1 2 |  2.5
Shields        | 2 3 |  3.7
Evocations     | 1 |  1.6
Unarmed Combat | 1 |  1.3
Short Blades   | |  0.3
Maces & Flails | |  0.5
Stealth        | |  1.8
Conjurations   | | 18.8
Hexes          | | 18.8
Charms         | | 18.8
Summonings     | | 18.8
Necromancy     | | 18.8
Translocations | | 18.8
Transmutations | | 18.8
Fire Magic     | | 18.8
Ice Magic      | | 18.8
Air Magic      | | 18.8
Earth Magic    | | 18.8
Poison Magic   | | 18.8

Action                   |  1- 3 |  4- 6 |  7- 9 | 10-12 | 13-15 | 16-18 || total
-------------------------+-------+-------+-------+-------+-------+-------++-------
Melee: Unarmed           |    17 |     4 |       |       |       |    15 ||    36
       Headbutt          |     1 |     5 |    19 |    34 |    20 |     5 ||    84
       Bite              |     2 |     2 |     7 |    19 |    11 |     5 ||    46
       Dagger            |       |    17 |       |       |       |       ||    17
       Whip              |       |       |   129 |     2 |       |       ||   131
       Scimitar          |       |       |       |   222 |    79 |       ||   301
       Glaive            |       |       |       |       |    70 |       ||    70
       Staff             |       |       |       |       |    15 |    33 ||    48
 Fire: Blowgun           |     7 |     5 |       |       |       |       ||    12
Throw: Stone             |     3 |       |       |       |       |       ||     3
       Tomahawk          |       |     3 |    32 |    23 |    66 |    72 ||   196
 Cast: Freeze            |    36 |    33 |    34 |    52 |    38 |    41 ||   234
       Throw Frost       |       |    33 |    49 |    37 |    48 |       ||   167
       Call Canine Famil |       |     3 |    17 |    39 |     9 |     4 ||    72
       Ozocubu's Armour  |       |       |     6 |    43 |    40 |    51 ||   140
       Throw Icicle      |       |       |       |    66 |   394 |   432 ||   892
       Summon Lightning  |       |       |       |       |    45 |    22 ||    67
       Invisibility      |       |       |       |       |     4 |     4 ||     8
       Bolt of Fire      |       |       |       |       |     5 |    21 ||    26
       False Image       |       |       |       |       |       |     3 ||     3
       Poison Arrow      |       |       |       |       |       |     1 ||     1
       Bolt of Cold      |       |       |       |       |       |    40 ||    40
       Ice Form          |       |       |       |       |       |     1 ||     1
Invok: Curse Item        |       |       |       |       |       |     4 ||     4
       Scrying           |       |       |       |       |       |     1 ||     1
 Abil: End Transformatio |       |       |       |       |       |     1 ||     1
Evoke: Wand              |       |       |     2 |     2 |     3 |     7 ||    14
       Fan of gales      |       |       |       |       |       |     2 ||     2
  Use: Scroll            |       |     2 |     5 |     4 |    16 |    13 ||    40
       Potion            |       |     1 |       |     7 |     1 |     7 ||    16
 Stab: Sleeping          |     2 |     1 |       |       |       |       ||     3
       Distracted        |       |       |       |     5 |     3 |     1 ||     9
       Invisible         |       |       |       |       |     4 |       ||     4
  Eat: Chunk             |     2 |     7 |    20 |    27 |    49 |    23 ||   128
       Ration            |       |       |       |     2 |     2 |     5 ||     9
Armor: Animal skin       |     6 |     8 |       |       |       |       ||    14
       Scale mail        |       |     1 |    90 |   184 |   205 |   114 ||   594
       Skin              |       |       |       |       |       |    27 ||    27
Dodge: Dodged            |    35 |    28 |    75 |   160 |   168 |   110 ||   576
Block: Other             |       |       |       |     1 |     1 |       ||     2
       Buckler           |       |       |       |       |    26 |    85 ||   111
       Reflection        |       |       |       |       |       |    10 ||    10
